 Dungeon Crawl Stone Soup version 0.20-a0-924-gfa95efa (webtiles) character file.

11744 Rrauwl the Severer (level 11, -12/91 HPs)
             Began as a Hill Orc Monk on Mar 27, 2017.
             Was a High Priest of Ashenzari.
             Mangled by Frances
             ... wielding a +0 battleaxe
              (18 damage)
             ... on level 12 of the Dungeon.
             The game lasted 00:55:59 (12619 turns).

Rrauwl the Severer (Hill Orc Monk)                 Turns: 12619, Time: 00:56:01

Health: -12/91     AC: 22    Str: 15    XL:     11   Next: 82%
Magic:  12/12      EV:  3    Int: 13    God:    Ashenzari [*****.]
Gold:   813        SH: 18    Dex: 15    Spells: 11/11 levels left

rFire    + . .     SeeInvis +   x - +0 war axe
rCold    . . .     Gourm    +   n - +3 large shield (curse)
rNeg     . . .     Faith    .   y - +0 plate armour (curse)
rPois    +         Spirit   .   A - +0 helmet
rElec    .         Reflect  .   p - +1 cloak {MR+}
rCorr    .         Harm     .   (no gloves)
MR       +....     Clarity  +   (no boots) Stlth ..........Rnd*Tele +
                                v - amulet of the gourmand (curse)
Regen    0.3/turn               N - +4 ring of protection
MPRegen  0.2/turn               u - ring of protection from fire (curse)

@: flying
A: molten scales 1, thin skeletal structure 1, poison resistance, teleportitis 1
a: Curse Item, Scrying, Transfer Knowledge, Renounce Religion


You were on level 12 of the Dungeon.
You worshipped Ashenzari.
Ashenzari was extremely pleased with you.
You were completely stuffed.

You visited 1 branch of the dungeon, and saw 12 of its levels.
You also visited: Sewer.

You collected 813 gold pieces.

Inventory:

Hand Weapons
 j - a +2 whip of freezing
 x - a +0 war axe (weapon)
Missiles
 d - 46 sling bullets
 i - 302 stones (quivered)
Armour
 a - the +1 leather armour of Compression {rN+ MR+ Regen+ Dex+3}
   (You found it on level 5 of the Dungeon)

   It affects your dexterity (+3).
   It protects you from negative energy.
   It affects your resistance to hostile enchantments.
   It increases your rate of regeneration.
 n - a cursed +3 large shield (worn)
 p - a +1 cloak of magic resistance (worn)
 y - a cursed +0 plate armour (worn)
 A - a +0 helmet (worn)
Jewellery
 m - an uncursed ring of flight
 u - a cursed ring of protection from fire (right hand)
 v - a cursed amulet of the gourmand (around neck)
 M - an uncursed ring of wizardry
 N - a +4 ring of protection (left hand)
 R - an uncursed ring of positive energy
 T - an uncursed amulet of guardian spirit
Wands
 e - a wand of lightning (1/15)
 f - a wand of digging (19/24)
 r - a wand of random effects (11/48)
 z - a wand of paralysis (10/24)
 E - a wand of confusion (35/48)
 G - a wand of lightning (5/15)
 S - a wand of lightning (10/15)
Scrolls
 b - 8 scrolls of identify
 q - a scroll of recharging
 t - a scroll of fear
 B - a scroll of enchant weapon
 C - 3 scrolls of teleportation
 H - a scroll of fog
 K - a scroll of amnesia
 P - a scroll of remove curse
Potions
 o - 2 potions of magic
 s - 2 potions of cancellation
 D - a potion of ambrosia
 I - 4 potions of curing
 J - a potion of brilliance
Books
 g - a book of Misfortune

   Spells                             Type                      Level
   a - Confusing Touch                Hexes                        1
   b - Confuse                        Hexes                        3
   c - Gell's Gravitas                Translocation                3
   d - Petrify                        Transmutation/Earth          4
   e - Metabolic Englaciation         Hexes/Ice                    5
   f - Yara's Violent Unravelling     Hexes/Transmutation          5
 F - a book of the Tempests

   Spells                             Type                      Level
   a - Static Discharge               Conjuration/Air              3
   b - Lightning Bolt                 Conjuration/Air              5
   c - Ignition                       Fire                         8
   d - Tornado                        Air                          9
   e - Shatter                        Earth                        9
Miscellaneous
 Q - a sack of spiders
Comestibles
 c - 6 bread rations
 h - 16 royal jellies
 k - 7 meat rations
 L - 4 fruits
 O - 5 chunks of flesh


   Skills:
 + Level 6.9 Fighting
 - Level 18.0 Axes
 - Level 7.0 Armour
 + Level 4.8 Dodging
 - Level 2.1 Stealth
 + Level 5.2(7.8) Shields
 + Level 0.7 Spellcasting
 - Level 2.0(4.0) Evocations


You had 11 spell levels left.
You didn't know any spells.

Dungeon Overview and Level Annotations

Branches:
Dungeon (12/15)            Temple (0/1) D:5            Lair (0/6) D:8
    Orc (0/2) D:11

Altars:
Ashenzari
Dithmenos
Elyvilon
Gozag
Hepliaklqana
Kikubaaqudgha
Makhleb
Okawaru
Qazlal
Ru
Sif Muna
Trog
Wu Jian

Shops:
D:4 %

Annotations:
D:12 Frances


Innate Abilities, Weirdness & Mutations

You are partially covered in molten scales. (AC +2)
You have a somewhat thin skeletal structure. (Dex +2, Stealth)
Your system is resistant to poisons. (rPois)
You are occasionally teleported next to monsters.


Message History

Frances is heavily wounded.
You block Frances's attack.
You slash Frances!
Frances is heavily wounded.
Frances hits you but does no damage.
You slash Frances!
Frances is severely wounded.
Frances hits you with a battleaxe!!
* * * LOW HITPOINT WARNING * * *
Evoke which item? (* to show all) (? for menu, Esc to quit)
Aiming: Lightning Bolt
Press: ? - help, Shift-Dir - straight line, f/p - Frances
Aim: Frances, wielding a battleaxe and wearing a ring mail (severely wounded, fast)
You hear a mighty clap of thunder!
The bolt of lightning hits Frances.
Frances is severely wounded.
The bolt of lightning hits the red ugly thing.
The red ugly thing is moderately wounded.
This wand has 1 charge left.
Frances hits you with a battleaxe!!
You die...

#.#.###.#........# ***
#.......##....##'## ,*
####.##########...## ** ,
#.### ##.....## , #.#.##
##.......#
*########....####<........#
,,
......†........+..†......+,
,,
#########...####.........#*
, ,,,, ##@## ##....<..## ,
,, * *#@# * *##.....## , *
.u. , .....## , * #...#*
**##..## *,* #...# ,* ..#
,, #...#*, * * * #.... ,
,,, #.#.. , * , *,*, ,
,,,**


You could see Frances and a red ugly thing.

Vanquished Creatures
  A two-headed ogre (D:9)
  Pikel (D:4)
  2 deep elf magi (D:10)
  A troll (D:10)
  A hornet (D:8)
  3 slime creatures (D:12)
  3 hippogriffs
  17 yaks
  2 wyverns
  A warg (D:11)
  2 soldier ants
  A water moccasin (D:12)
  Purgy (Sewer)
  2 ice beasts
  3 orc warriors
  2 black bears (D:10)
  4 slaves (D:4)
  3 phantoms
  4 sky beasts
  6 ogres
  3 centaurs
  A big kobold (D:10)
  4 bullfrogs
  A wyvern zombie (D:7)
  2 scorpions (D:7)
  6 killer bees (D:9)
  8 wights (D:6)
  An electric eel (D:9)
  4 howler monkeys
  A bullfrog zombie (D:8)
  5 crimson imps
  3 jellies
  3 quasits
  Crazy Yiuf (D:7)
  A centaur zombie (D:9)
  3 hounds
  11 orc wizards
  A bullfrog skeleton (D:7)
  A centaur skeleton (D:7)
  6 orc priests
  2 iguanas
  14 worker ants
  Natasha (D:4)
  2 hound zombies
  A hound skeleton (D:5)
  A worker ant zombie (D:8)
  3 gnolls (D:6)
  10 adders
  A river rat (D:6)
  5 shadow imps
  An ooze (D:3)
  2 adder zombies
  An adder skeleton (D:4)
  5 worms
  2 dart slugs
  6 leopard geckos
  34 orcs
  3 ball pythons (D:6)
  2 giant cockroaches
  8 goblins
  6 hobgoblins
  13 jackals
  7 quokkas
  A ball python skeleton (D:4)
  8 bats
  5 frilled lizards
  A jackal skeleton (D:6)
  A jackal zombie (D:7)
  15 kobolds
  A leopard gecko skeleton (D:6)
  A quokka skeleton (D:7)
  14 rats
303 creatures vanquished.

Notes
Turn   | Place    | Note
-------+----------+-------------------------------------------
     0 | D:1      | Rrauwl the Hill Orc Monk began the quest for the Orb.
     0 | D:1      | Reached XP level 1. HP: 19/19 MP: 1/1
   196 | D:1      | Reached XP level 2. HP: 26/26 MP: 2/2
   981 | D:2      | Reached XP level 3. HP: 33/33 MP: 3/3
  2024 | D:3      | Found a shattered altar of Ashenzari.
  2099 | D:3      | Reached skill level 1 in Armour
  2126 | D:3      | Became a worshipper of Ashenzari the Shackled
  2126 | D:3      | Reached * piety under Ashenzari
  2126 | D:3      | Reached ** piety under Ashenzari
  2474 | D:3      | Reached XP level 4. HP: 35/40 MP: 4/4
  2526 | D:3      | Found an ancient bone altar of Kikubaaqudgha.
  2679 | D:3      | Reached skill level 1 in Shields
  3367 | D:4      | Noticed a slave
  3367 | D:4      | Noticed a slave
  3367 | D:4      | Noticed a slave
  3367 | D:4      | Noticed a slave
  3401 | D:4      | Killed a slave
  3414 | D:4      | Killed a slave
  3423 | D:4      | Killed a slave
  3428 | D:4      | Killed a slave
  3659 | D:4      | Reached skill level 5 in Axes
  3659 | D:4      | Reached XP level 5. HP: 30/46 MP: 5/5
  4134 | D:4      | Noticed Natasha
  4145 | D:4      | Killed Natasha
  4372 | D:4      | Reached XP level 6. HP: 30/52 MP: 6/6
  4394 | D:4      | Reached skill level 6 in Axes
  4396 | D:4      | HP: 1/52 [orc/flail of distortion (8)]
  4746 | D:4      | Noticed Pikel
  4785 | D:4      | Killed Pikel
  4785 | D:4      | Reached skill level 7 in Axes
  4785 | D:4      | Reached skill level 5 in Armour
  4785 | D:4      | Reached XP level 7. HP: 19/59 MP: 7/7
  4924 | D:4      | Found Qioqek's Food Shop.
  4941 | D:4      | Reached skill level 8 in Axes
  4970 | D:4      | Reached XP level 8. HP: 25/66 MP: 8/8
  4988 | D:4      | Found a hazy altar of Hepliaklqana.
  5142 | D:4      | Reached skill level 9 in Axes
  5238 | D:5      | Entered Level 5 of the Dungeon
  5382 | D:5      | Found a deep blue altar of Sif Muna.
  5385 | D:5      | Found a staircase to the Ecumenical Temple.
  5481 | D:5      | Reached skill level 10 in Axes
  5579 | D:5      | Found a shadowy altar of Dithmenos.
  5741 | D:5      | Found an ornate altar of the Wu Jian Council.
  5741 | D:5      | Found an iron altar of Okawaru.
  5742 | D:5      | Found a sacrificial altar of Ru.
  5766 | D:5      | Reached *** piety under Ashenzari
  5813 | D:5      | Found a stormy altar of Qazlal.
  5818 | D:5      | Found a white marble altar of Elyvilon.
  5979 | D:5      | Got the uncursed leather armour of Compression {rN+ MR+ Regen+ Dex+3}
  5990 | D:5      | Identified the +1 leather armour of Compression {rN+ MR+ Regen+ Dex+3} (You found it on level 5 of the Dungeon)
  6249 | D:6      | Reached skill level 11 in Axes
  6618 | D:6      | Reached skill level 12 in Axes
  6623 | D:6      | Reached XP level 9. HP: 34/71 MP: 9/9
  6872 | D:6      | Found a glowing drain.
  6884 | Sewer    | Entered a sewer
  6919 | Sewer    | Noticed Purgy
  6920 | Sewer    | Gained mutation: You are partially covered in molten scales. (AC +2) [potion of mutation]
  6920 | Sewer    | Gained mutation: You have a somewhat thin skeletal structure. (Dex +2, Stealth) [potion of mutation]
  6920 | Sewer    | Gained mutation: You are occasionally teleported next to monsters. [potion of mutation]
  6920 | Sewer    | Gained mutation: Your system is resistant to poisons. (rPois) [potion of mutation]
  6929 | Sewer    | Killed Purgy
  7155 | D:6      | Reached skill level 13 in Axes
  7713 | D:7      | Reached skill level 14 in Axes
  7939 | D:7      | Reached **** piety under Ashenzari
  7980 | D:7      | Found a runed door.
  7984 | D:7      | Noticed Crazy Yiuf
  7994 | D:7      | Killed Crazy Yiuf
  8275 | D:7      | Reached skill level 15 in Axes
  8281 | D:7      | Reached XP level 10. HP: 48/78 MP: 10/10
  8904 | D:8      | Reached skill level 16 in Axes
  9060 | D:8      | Found a staircase to the Lair.
  9678 | D:9      | Found a burning altar of Makhleb.
  9780 | D:9      | Noticed a two-headed ogre
  9788 | D:9      | Killed a two-headed ogre
  9788 | D:9      | Reached skill level 17 in Axes
 10341 | D:10     | Entered Level 10 of the Dungeon
 10443 | D:10     | Reached skill level 5 in Fighting
 10443 | D:10     | Reached XP level 11. HP: 77/86 MP: 11/11
 10474 | D:10     | Reached skill level 1 in Evocations
 11200 | D:10     | Reached ***** piety under Ashenzari
 11588 | D:10     | Found a bloodstained altar of Trog.
 11588 | D:10     | Noticed a deep elf mage
 11590 | D:10     | Noticed a deep elf mage
 11597 | D:10     | Killed a deep elf mage
 11608 | D:10     | Killed a deep elf mage
 11828 | D:11     | Found a staircase to the Orcish Mines.
 12102 | D:11     | Found an opulent altar of Gozag.
 12540 | D:12     | Reached skill level 18 in Axes
 12572 | D:12     | Reached skill level 5 in Shields
 12596 | D:12     | Noticed Frances
 12596 | D:12     | Noticed a red ugly thing
 12619 | D:12     | Mangled by Frances

Vault maps used:
D:1:      matt_arrival_refuge, serial_park_tiny_pond
D:3:      marbit_many_paths, nicolae_ashenzari_panopticon, serial_glass,
          glass_columns_b, glass_columns_c, glass_columns_a, glass_columns_b,
          first_bread
D:4:      kennysheep_big_flooded_room, kennysheep_mini_moat, serial_shops,
          nicolae_shop_stone, minmay_misc_feat_x, lemuel_another_geyser,
          uniq_natasha, uniq_pikel
D:5:      nicolae_overflow_crystal_walls, nicolae_dithmenos_the_darkroom,
          elyvilon_altar_4, overflow_temple_1_default,
          gammafunk_temple_overflow_claw, temple_fountains, minivault_5
D:6:      portal_sewer_entry_e
D:7:      kennysheep_windowed_halls, uniq_crazy_yiuf_cottage
D:8:      lair_entry_dummy, hangedman_pestilent_swarm
D:9:      kennysheep_little_box, minivault_14
D:10:     grunt_ministairs_8, minmay_misc_feat_encased, david_defended_altar_elf
D:11:     david_orc_3, nicolae_gozag_seed_capital
D:12:     uniq_josephine, uniq_frances
Sewer:    sewer_big_baddie

Skill      XL: |  1  2  3  4  5  6  7  8  9 10 11 |
---------------+----------------------------------+-----
Stealth        | 2 |  2.1
Armour         | 1 2 3 5 7 |  7.0
Shields        | 1 2 5 |  5.2
Dodging        | 3 4 |  4.8
Fighting       | 4 5 6 |  6.9
Axes           | 5 7 8 12 15 17 18 | 18.0
Evocations     | 2 |  2.0
Spellcasting   | |  0.7

Action                   |  1- 3 |  4- 6 |  7- 9 | 10-12 || total
-------------------------+-------+-------+-------+-------++-------
Melee: Hand axe          |   166 |   276 |   133 |       ||   575
       War axe           |       |       |   295 |   797 ||  1092
Throw: Stone             |       |     2 |     1 |       ||     3
Invok: Curse Item        |     1 |       |     2 |       ||     3
Evoke: Wand              |       |       |     7 |     2 ||     9
  Use: Scroll            |     4 |     1 |     5 |     6 ||    16
       Potion            |       |     9 |     4 |     7 ||    20
 Stab: Sleeping          |     4 |       |     4 |       ||     8
       Distracted        |     1 |       |     1 |       ||     2
  Eat: Chunk             |     1 |     5 |    25 |    15 ||    46
       Meat ration       |     1 |       |       |       ||     1
       Bread ration      |       |     1 |       |       ||     1
Armor: Robe              |    14 |       |       |       ||    14
       Chain mail        |    37 |   110 |    41 |       ||   188
       Leather armour    |       |       |    59 |       ||    59
       Plate armour      |       |       |    31 |   255 ||   286
Dodge: Dodged            |    44 |    14 |    76 |    28 ||   162
Block: Large shield      |    48 |   196 |   321 |   476 ||  1041
